 Dungeon Crawl Stone Soup version 0.29.1-4-g47bece8355 (webtiles) character file.

Game seed: 13336248790649661871

28 croobank the Conjurer (level 3, 0/25 HPs)
             Began as a Demonspawn Conjurer on Dec 10, 2022.
             Succumbed to an adder's poison
             ... on level 1 of the Dungeon.
             The game lasted 00:02:57 (1129 turns).

croobank the Conjurer (Demonspawn Conjurer)         Turns: 1129, Time: 00:02:57

Health: 0/25       AC:  4    Str:  7    XL:     3   Next: 0%
Magic:  6/6        EV: 12    Int: 19    God:
Gold:   38         SH:  0    Dex: 11    Spells: 0/6 levels left

rFire   . . .      SeeInvis .   c - +0 mace
rCold   . . .      Faith    .   (no shield)
rNeg    . . .      Spirit   .   a - +0 robe
rPois   +          Reflect  .   (no helmet)
rElec   .          Harm     .   (no cloak)
rCorr   .          Rampage  .   (no gloves)
Will    .....                   (no boots)
Stlth   ++........              (no amulet)
HPRegen 0.08/turn               (no ring)
MPRegen 0.10/turn               (no ring)

@: lethally poisoned (0 -> -7), hasted, invisible, very quick
A: yellow scales 1, weakness stinger 1, dopey 1, poison resistance, no potion
heal 1
a: no special abilities


You were on level 1 of the Dungeon.
You visited 1 branch of the dungeon, and saw 2 of its levels.

You collected 38 gold pieces.

Inventory:

Hand Weapons
 c - a +0 mace (weapon)
Armour
 a - a +0 robe (worn)
 e - a +2 ring mail of poison resistance
Scrolls
 f - a scroll of poison {unknown}
Potions
 b - a potion of magic
 i - a potion of mutation


   Skills:
 + Level 0.4 Fighting
 + Level 0.4 Armour
 + Level 2.1 Dodging
 + Level 2.2 Stealth
 + Level 2.2 Spellcasting
 + Level 4.2 Conjurations


You couldn't memorise any spells.
You knew the following spells:

 Your Spells              Type           Power      Damage    Failure   Level
a - Magic Dart            Conj           72%        1d6       3%          1
b - Searing Ray           Conj           36%        2d5       4%          2
c - Dazzling Flash        Conj/Hex       20%        N/A       21%         3

Your spell library contained the following spells:

 Spells                   Type           Power      Damage    Failure   Level
 Fulminant Prism          Conj/Hex       5%         3d7       56%         4
 Iskenderun's Mystic Bla  Conj/Tloc      10%        2d4       56%         4


Dungeon Overview and Level Annotations

Branches:
Dungeon (2/15)

Altars:


Innate Abilities, Weirdness & Mutations

You are partially covered in yellow scales. (AC +2)
You have a small tail.
You are dopey. (Int -2)
Your system is resistant to poisons. (rPois)
Potions are less effective at restoring your health.


Message History

You feel clever. x2; Your demonic ancestry asserts itself...
You grow a small tail.
This spell is extremely dangerous to cast!
Memorise Dazzling Flash, consuming 3 spell levels and leaving 0?
You start memorising the spell.
You continue memorising. x3
You finish memorising.
Spell assigned to 'c'.
You start resting.
Magic restored.
You climb downwards.
The adder bites you.
You are poisoned.
The adder poisons you! The adder bites you.
You are more poisoned.
The adder poisons you! The adder barely misses you. The adder bites you.
There is a stone staircase leading up here.
You feel very sick. The adder barely misses you. The adder closely misses you.
You climb upwards.
You feel very sick.
There is a stone staircase leading down here.
As you read the scroll labelled EGOHYF TUGOARGH, it crumbles to dust.
It is a scroll of identify.
i - 2 potions of mutation You feel sick.
The adder bites you. The adder closely misses you.
It was a potion of haste.
You feel yourself speed up.
You feel sick. The adder bites you.
* * * LOW HITPOINT WARNING * * *
You are lethally poisoned!
The adder poisons you! The adder bites you but does no damage.
The adder closely misses you. The adder barely misses you.
* * * LOW HITPOINT WARNING * * *
You feel sick.
It was a potion of invisibility.
You fade into invisibility!
* * * LOW HITPOINT WARNING * * *
You feel sick. The adder bites you but does no damage.
The adder closely misses you.
You feel extremely strange.
Your system partially rejects the healing effects of potions.
You feel stupid.
You feel resistant to poisons.
You die...

#######.....~....#
#...........##
#...........##
########.............
#....................
#.######.............
#.#..................
#...S>..............#
###.@S.....#.........
###..............#.
#.............###
#...##........# #
###...####......###
#...............#..
#..................
#..................
#.............##...


You could see 2 adders.

Vanquished Creatures
  A gnoll (D:1)
  2 dart slugs (D:1)
  2 endoplasms (D:1)
  2 giant cockroaches (D:1)
  A goblin (D:1)
  2 hobgoblins (D:1)
  A ball python (D:1)
  A bat (D:1)
  3 rats (D:1)
15 creatures vanquished.

Notes
Turn   | Place    | Note
-------+----------+-------------------------------------------
     0 | D:1      | croobank the Demonspawn Conjurer began the quest for the
                  | Orb.
     0 | D:1      | Reached XP level 1. HP: 13/13 MP: 3/3
   390 | D:1      | Gained mutation: You are partially covered in yellow
                  | scales. (AC +2) [demonic ancestry]
   390 | D:1      | Reached XP level 2. HP: 18/19 MP: 5/5
   393 | D:1      | Learned a level 2 spell: Searing Ray
  1075 | D:1      | Gained mutation: You have a small tail. [demonic ancestry]
  1075 | D:1      | Reached XP level 3. HP: 25/25 MP: 1/6
  1079 | D:1      | Learned a level 3 spell: Dazzling Flash
  1128 | D:1      | HP: 1/25 [poisoned by an adder]
  1129 | D:1      | Gained mutation: Potions are less effective at restoring
                  | your health. [potion of mutation]
  1129 | D:1      | Gained mutation: You are dopey. (Int -2) [potion of
                  | mutation]
  1129 | D:1      | Gained mutation: Your system is resistant to poisons.
                  | (rPois) [potion of mutation]
  1129 | D:1      | Succumbed to an adder's poison

Illustrated notes

Levels and vault maps discovered:
D:1:      elethiomel_arrival_quiet, layout_basic, serial_rivers,
          chequers_serial_rivers_micro_c, chequers_serial_rivers_marsh,
          chequers_serial_rivers_large_a, chequers_serial_rivers_micro_e
D:2:      cheibrodos_pilgrimage, layout_loops_ring,
          ebering_ecumenical_altar_webs, grunt_ministairs_9, minmay_3d_cube

Skill      XL: |  1 |
---------------+----+-----
Stealth        | 2 |  2.2
Dodging        | 2 |  2.1
Fighting       | |  0.4
Armour         | |  0.4
Spellcasting   | |  2.2
Conjurations   | |  4.2

Action                   || total
-------------------------++-------
Melee: Mace              ||    13
       Unarmed           ||     3
 Cast: Magic Dart        ||    17
       Searing Ray       ||     6
  Use: Potion            ||     3
       Scroll            ||     1
Armor: Robe              ||     6
Dodge: Dodged            ||    20
